 Dungeon Crawl Stone Soup version 0.29-a0-219-g0a02b1cf4f (webtiles) character file.

Game seed: 8305516610425030717

7385 horus123 the Fighter (level 10, -7/97 HPs)
             Began as a Minotaur Fighter on Feb 25, 2022.
             Was a Believer of Wu Jian.
             Mangled by a sixfirhy (9 damage)
             ... summoned by a kobold demonologist
             ... on level 9 of the Dungeon.
             The game lasted 00:16:30 (9587 turns).

horus123 the Fighter (Minotaur Fighter)             Turns: 9587, Time: 00:16:31

Health: -7/97      AC: 25    Str: 24    XL:     10   Next: 92%
Magic:  9/9        EV: 12    Int:  5    God:    Wu Jian [**....]
Gold:   351        SH:  6    Dex: 11    Spells: 9/9 levels left

rFire   . . .      SeeInvis .   a - +4 flail (vorpal)
rCold   . . .      Faith    .   c - +0 buckler
rNeg    . . .      Spirit   .   f - +1 plate armour
rPois   .          Reflect  .   (helmet restricted)
rElec   .          Harm     .   o - +2 cloak
rCorr   .          Rampage  .   (no gloves)
Will    .....                   r - +1 pair of boots
Stlth   ..........              (no amulet)
HPRegen 0.26/turn               z - +4 ring of evasion
MPRegen 0.11/turn               w - +4 ring of protection

@: mighty
A: horns 2, retaliatory headbutt
a: Renounce Religion, Wall Jump


You were on level 9 of the Dungeon.
You worshipped Wu Jian.
Wu Jian was pleased with you.
You visited 2 branches of the dungeon, and saw 10 of its levels.

You collected 351 gold pieces.

Inventory:

Hand Weapons
 a - a +4 vorpal flail (weapon)
Missiles
 s - 3 throwing nets (quivered)
Armour
 c - a +0 buckler (worn)
 f - a +1 plate armour (worn)
 o - a +2 cloak (worn)
 r - a +1 pair of boots (worn)
Jewellery
 q - a ring of magical power
 w - a +4 ring of protection (right hand)
 z - a +4 ring of evasion (left hand)
 B - a ring of flight
Wands
 n - a wand of polymorph (10)
 y - a wand of paralysis (13)
 A - a wand of charming (3)
 C - a wand of iceblast (9)
Scrolls
 h - a scroll of holy word
 i - 2 scrolls of magic mapping
 j - a scroll of fear
 l - 2 scrolls of brand weapon
 t - a scroll of noise
Potions
 b - a potion of magic
 d - a potion of might
 e - 4 potions of brilliance
 g - 4 potions of degeneration
 k - a potion of lignification {unknown}
 m - 3 potions of mutation
 u - 2 potions of invisibility {unknown}
 v - a potion of resistance {unknown}


   Skills:
 - Level 12.0 Fighting
 - Level 8.0 Maces & Flails
 + Level 10.6 Armour
 - Level 5.1 Dodging
 - Level 10.0 Shields


You had 9 spell levels left.
You didn't know any spells.
Your spell library contained the following spells:

 Spells                   Type           Power      Damage    Failure   Level
 Sting                    Tmut/Pois      0%         1d3       100%        1
 Poisonous Vapours        Pois/Air       0%         N/A       100%        2
 Static Discharge         Conj/Air       0%         N/A       100%        2
 Call Canine Familiar     Summ           0%         N/A       100%        3
 Portal Projectile        Hex/Tloc       0%         N/A       100%        3
 Cause Fear               Hex            0%         N/A       100%        4
 Dispel Undead            Necr           0%         3d6       100%        4
 Hailstorm                Conj/Ice       0%         3d3       100%        4
 Ice Form                 Ice/Tmut       0%         N/A       100%        4
 Leda's Liquefaction      Hex/Erth       0%         N/A       100%        4
 Olgreb's Toxic Radiance  Pois           0%         N/A       100%        4
 Sticky Flame             Conj/Fire      0%         2d3       100%        4
 Lee's Rapid Deconstruct  Erth           0%         3d5*      100%        5
 Simulacrum               Ice/Necr       0%         N/A       100%        6
 Statue Form              Tmut/Erth      0%         N/A       100%        6
 Dragon Form              Tmut           0%         N/A       100%        7
 Dragon's Call            Summ           0%         N/A       100%        9


Dungeon Overview and Level Annotations

Branches:
Dungeon (9/15)             Temple (1/1) D:7            Lair (0/6) D:8
    Orc: D:9-12

Altars:
Ashenzari
Cheibriados
Dithmenos
Elyvilon
Fedhas
Hepliaklqana
Kikubaaqudgha
Makhleb
Nemelex Xobeh
Okawaru
Qazlal
Ru
Trog
Uskayaw
Vehumet
Wu Jian
Xom
Yredelemnul
Zin
The Shining One

Shops:
D:4 ?


Innate Abilities, Weirdness & Mutations

You have a pair of horns on your head.
You reflexively headbutt those who attack you in melee.


Message History

* * * LOW HITPOINT WARNING * * *
The sixfirhy shocks you!
* * * LOW HITPOINT WARNING * * *
The sixfirhy hits you but does no damage.
The sixfirhy barely misses you. You furiously retaliate!
You headbutt the sixfirhy!
The kobold demonologist hits you but does no damage.
The sixfirhy hits you but does no damage.
The ynoxinul gestures.
You hit the kobold demonologist but do no damage.
The kobold demonologist is lightly wounded.
The sixfirhy misses you. The sixfirhy closely misses you.
The kobold demonologist hits you but does no damage.
Unknown command.
You hit the kobold demonologist but do no damage.
You headbutt the kobold demonologist, but do no damage.
The kobold demonologist is lightly wounded.
The kobold demonologist completely misses you.
You furiously retaliate!
You headbutt the kobold demonologist!
The kobold demonologist gestures wildly while chanting.
You sock the kobold demonologist!
Your headbutt misses the kobold demonologist.
The kobold demonologist is severely wounded.
The kobold demonologist casts a cantrip, but nothing happens.
The kobold demonologist begins to cast a cantrip, but forgets the words!
You block the sixfirhy's attack.
The kobold demonologist hits you but does no damage.
You barely miss the kobold demonologist.
The kobold demonologist is severely wounded.
The sixfirhy hits you but does no damage. x2
The sixfirhy closely misses you. You furiously retaliate!
You headbutt the sixfirhy! The sixfirhy misses you. You furiously retaliate!
You headbutt the sixfirhy!
The kobold demonologist mumbles some strange words.
The kobold demonologist hits you but does no damage.
You feel very mighty all of a sudden.
The sixfirhy closely misses you. x2; The sixfirhy hits you.
* * * LOW HITPOINT WARNING * * *
The sixfirhy shocks you!
You die...

...# #.# #......#
...# #.# #......#
'### #.# #......#
..# #.# #......# ..#
#K# #..4...# ..# #.#
#..K#### ..# #K#
#$K#K3.# ..# #.#
#..#K#5# ..# #.#
#..#@# .. ..#
#.####..#3# ..#
..######.K....##..
.#
..#.........ยง.#.###
.. ..#........K.K#.
# ..#...........#.
###...........#.
#............##
#.......?.....#


You could see 3 kobold demonologists, a sixfirhy (summoned), a ynoxinul
(summoned) and a chaos spawn (summoned).

Vanquished Creatures
  Harold (D:7)
  A two-headed ogre (D:6)
  Maggie (D:7)
  Psyche (D:8)
  Prince Ribbit (D:8)
  A hornet (D:8)
  Grinder (D:5)
  4 yaks
  A wyvern (D:8)
  A wraith (D:9)
  2 steam dragons
  Menkaure (D:7)
  Duvessa (D:7)
  A water moccasin (D:6)
  3 orc warriors
  3 ice beasts
  3 black bears
  2 necrophages
  An ogre (D:6)
  3 centaurs
  2 phantoms
  2 kobold brigands
  2 bullfrogs
  8 scorpions
  Dowan (D:7)
  4 killer bees (D:8)
  6 wights
  2 howler monkeys (D:9)
  3 hounds (D:6)
  A gnoll shaman (D:7)
  A jelly (D:8)
  4 orc priests
  2 iguanas (D:6)
  11 orc wizards
  Terence (D:3)
  A mummy (D:5)
  8 gnolls
  10 adders
  A shadow imp (D:6)
  A white imp (D:7)
  4 worms
  21 orcs
  9 endoplasms
  2 giant cockroaches
  8 hobgoblins
  7 jackals
  18 kobolds
  4 quokkas
  7 ball pythons
  2 bats
  3 frilled lizards
  8 goblins
  A hobgoblin zombie (D:5)
  A kobold zombie (D:5)
  3 rats (D:1)
202 creatures vanquished.

Notes
Turn   | Place    | Note
-------+----------+-------------------------------------------
     0 | D:1      | horus123 the Minotaur Fighter began the quest for the Orb.
     0 | D:1      | Reached XP level 1. HP: 19/19 MP: 0/0
   180 | D:1      | Reached skill level 4 in Fighting
   356 | D:1      | Reached XP level 2. HP: 26/28 MP: 1/1
   719 | D:2      | Found a faded altar of an unknown god.
   744 | D:1      | Reached skill level 5 in Fighting
   777 | D:1      | Reached XP level 3. HP: 14/36 MP: 2/2
  1059 | D:2      | Reached XP level 4. HP: 11/42 MP: 3/3
  1089 | D:2      | Reached skill level 5 in Armour
  1974 | D:3      | Noticed Terence
  1986 | D:3      | Killed Terence
  1987 | D:3      | Reached XP level 5. HP: 48/48 MP: 4/4
  2666 | D:4      | Noticed a phantom
  2672 | D:4      | Killed a phantom
  2673 | D:4      | Reached XP level 6. HP: 56/56 MP: 5/5
  2885 | D:4      | Found Ezevorev's Magic Scroll Emporium.
  3479 | D:5      | Entered Level 5 of the Dungeon
  3753 | D:4      | Reached XP level 7. HP: 61/61 MP: 6/6
  3819 | D:5      | Reached skill level 5 in Maces & Flails
  4297 | D:5      | Reached XP level 8. HP: 68/68 MP: 7/7
  4491 | D:5      | Noticed Grinder
  4497 | D:5      | Killed Grinder
  4498 | D:5      | Reached skill level 5 in Shields
  5034 | D:6      | Noticed a two-headed ogre
  5042 | D:6      | HP: 1/68 [two-headed ogre/+0 giant club (14)]
  5049 | D:6      | Killed a two-headed ogre
  5050 | D:6      | Reached skill level 10 in Shields
  5050 | D:6      | Reached XP level 9. HP: 26/74 MP: 8/8
  5369 | D:6      | Reached skill level 6 in Fighting
  5415 | D:6      | Reached skill level 7 in Fighting
  5555 | D:6      | Reached skill level 8 in Fighting
  5742 | D:6      | Reached skill level 9 in Fighting
  6112 | D:7      | Noticed Harold
  6127 | D:7      | Killed Harold
  6128 | D:7      | Reached skill level 10 in Fighting
  6163 | D:7      | Reached XP level 10. HP: 56/94 MP: 9/9
  6415 | D:7      | Noticed Maggie
  6428 | D:7      | Killed Maggie
  6429 | D:7      | Reached skill level 11 in Fighting
  6500 | D:7      | Found a staircase to the Ecumenical Temple.
  6516 | Temple   | Entered the Ecumenical Temple
  6960 | Temple   | Became a worshipper of the Wu Jian Council
  7329 | D:7      | Noticed Duvessa
  7329 | D:7      | Noticed Dowan
  7336 | D:7      | Killed Duvessa
  7344 | D:7      | Killed Dowan
  7477 | D:7      | Reached skill level 12 in Fighting
  7517 | D:7      | Noticed Menkaure
  7525 | D:7      | Killed Menkaure
  7526 | D:7      | Reached skill level 1 in Dodging
  8023 | D:8      | Reached * piety under Wu Jian
  8071 | D:8      | Noticed Prince Ribbit
  8088 | D:8      | Killed Prince Ribbit
  8446 | D:8      | Reached skill level 5 in Dodging
  8606 | D:8      | Noticed Psyche
  8616 | D:8      | Killed Psyche
  8777 | D:8      | Found a staircase to the Lair.
  9269 | D:9      | Reached skill level 10 in Armour
  9456 | D:9      | Noticed a rust devil
  9534 | D:9      | Noticed a smoke demon
  9543 | D:9      | Noticed a sun demon
  9555 | D:9      | Reached ** piety under Wu Jian
  9580 | D:9      | Noticed a sixfirhy
  9582 | D:9      | HP: 1/97 [sixfirhy[a kobold demonologist] (11)]
  9587 | D:9      | HP: 2/97 [sixfirhy[a kobold demonologist] (1)]
  9587 | D:9      | Mangled by a sixfirhy

Illustrated notes

Levels and vault maps discovered:
D:1:      dpeg_arrival_rhombi, layout_basic, amcnicky_mini_pool_small,
          minmay_statues_item
D:2:      layout_rooms, ebering_ecumenical_altar_mist
D:3:      layout_basic, uniq_terence
D:4:      layout_basic, serial_shops, shop, hangedman_decor_slide_cut
D:5:      layout_basic, nicolae_ossuary_entry_giza, uniq_grinder
D:6:      layout_gridville
D:7:      layout_gridville, minmay_temple_entry_statues_fountains, uniq_maggie,
          uniq_menkaure, uniq_duvessa, uniq_harold
D:8:      layout_basic, dpeg_oklobed_lair, grunt_ministairs_3, uniq_psyche,
          uniq_prince_ribbit1
D:9:      kennysheep_blocky_hall, layout_long_grid, mainiacjoe_overflow_swirl
Temple:   mainiacjoe_temple_big_plus

Skill      XL: |  1  2  3  4  5  6  7  8  9 10 |
---------------+-------------------------------+-----
Fighting       | 4 5 10 12 | 12.0
Armour         | 4 5 7 8 10 | 10.6
Maces & Flails | 4 7 8 |  8.0
Shields        | 10 | 10.0
Dodging        | 5 |  5.1

Action                   |  1- 3 |  4- 6 |  7- 9 | 10-12 || total
-------------------------+-------+-------+-------+-------++-------
Melee: Flail             |    66 |   103 |   170 |   275 ||   614
       Headbutt          |    10 |    16 |    30 |    55 ||   111
Invok: Lunge             |       |       |       |    14 ||    14
       Whirlwind         |       |       |       |     5 ||     5
  Use: Potion            |     1 |       |     3 |     4 ||     8
       Scroll            |       |    10 |     7 |     9 ||    26
Armor: Plate armour      |    50 |    91 |   108 |   162 ||   411
Dodge: Dodged            |    18 |    37 |    52 |   122 ||   229
Block: Buckler           |    18 |    30 |    48 |    84 ||   180

Table legend: (Time is in decaauts)
 A = Elapsed time spent in this place.
 B = Non-inter-level travel time spent in this place.
 C = Inter-level travel time spent in this place.
 D = Time resting spent in this place.
 E = Time spent auto-exploring this place.
 F = Levels seen in this place.
 G = Mean time per level.
                   A        B        C        D        E       F      G
               +--------+--------+--------+--------+--------+-----+--------+
         Total |   9648 |   9477 |    171 |   1226 |   6553 |  10 |  964.8 |
       Dungeon |   9173 |   9032 |    141 |   1226 |   6183 |   9 | 1019.2 |
        Temple |    474 |    444 |     30 |      0 |    370 |   1 |  474.0 |
               +--------+--------+--------+--------+--------+-----+--------+

Top non-repeatable levels by time:
     D:7: 1501 daAuts
     D:6: 1430 daAuts
     D:4: 1146 daAuts
     D:8: 1016 daAuts
     D:1: 951 daAuts
     D:2: 930 daAuts
     D:5: 919 daAuts
     D:3: 738 daAuts
     D:9: 540 daAuts
  Temple: 474 daAuts
